 Dungeon Crawl Stone Soup version 0.30-a0-23-ge60ba3568b (webtiles) character file.

Game seed: 10008849012079718080

25 Pilot the Insei (level 2, -8/23 HPs)
             Began as a Demigod Transmuter on Aug 24, 2022.
             Mangled by a gnoll
             ... wielding a +0 flail
              (10 damage)
             ... on level 2 of the Dungeon.
             The game lasted 00:10:05 (1057 turns).

Pilot the Insei (Demigod Transmuter)                Turns: 1057, Time: 00:10:07

Health: -8/23      AC:  2    Str: 11    XL:     2   Next: 63%
Magic:  7/7        EV: 12    Int: 15    God:
Gold:   98         SH:  0    Dex: 14    Spells: 4/5 levels left

rFire   . . .      SeeInvis .      - Unarmed
rCold   . . .      Faith    .    (no shield)
rNeg    . . .      Spirit   .    a - +0 robe
rPois   .          Reflect  .    (no helmet)
rElec   .          Harm     .    (no cloak)
rCorr   .          Rampage  .    (no gloves)
Will    .....                    (no boots)
Stlth   +.........               (no amulet)
HPRegen 0.07/turn                (no ring)
MPRegen 0.10/turn                (no ring)

@: slowed, very slow
A: high MP 1, forlorn, divine attributes
a: no special abilities


You were on level 2 of the Dungeon.
You visited 1 branch of the dungeon, and saw 2 of its levels.

You collected 98 gold pieces.

Inventory:

Hand Weapons
 i - a +0 short sword
Missiles
 k - 2 poisoned darts
 l - 6 stones
Armour
 a - a +0 robe (worn)
Scrolls
 c - a scroll of immolation {unknown}
 d - a scroll of amnesia {unknown}
 f - a scroll of fear {unknown}
Potions
 b - a potion of lignification
 e - 2 potions of heal wounds {unknown}
 g - a potion of berserk rage {unknown}
 h - a potion of attraction {unknown}
 j - a potion of resistance {unknown}


   Skills:
 + Level 1.3 Fighting
 * Level 0.6 Short Blades
 + Level 2.0 Dodging
 + Level 2.9 Unarmed Combat
 + Level 2.0 Spellcasting
 + Level 2.0 Transmutations


You had 4 spell levels left.
You knew the following spells:

 Your Spells              Type           Power      Damage    Failure   Level
a - Beastly Appendage     Tmut           14%        N/A       10%         1

Your spell library contained the following spells:

 Spells                   Type           Power      Damage    Failure   Level
 Wereblood                Tmut           7%         N/A       14%         2
 Spider Form              Tmut/Pois      4%         N/A       41%         3
 Gell's Gravitas          Tloc           1%         N/A       54%         3
 Lesser Beckoning         Tloc           1%         N/A       54%         3
 Teleport Other           Tloc           1%         N/A       54%         3
 Ice Form                 Ice/Tmut       4%         N/A       82%         4


Dungeon Overview and Level Annotations

Branches:
Dungeon (2/15)

Annotations:
D:2 Jessica


Innate Abilities, Weirdness & Mutations

You have an increased reservoir of magic. (+10% MP)
You shall have no god before yourself.
Your divine heritage dramatically boosts your attributes as you level up.


Message History

The gnoll closely misses you.
A gnoll comes into view. It is wielding a +0 flail.
You closely miss the gnoll.
The gnoll is moderately wounded.
The gnoll misses you. The gnoll closely misses you.
You hit the gnoll but do no damage.
The gnoll is heavily wounded.
The gnoll hits you from afar with a +0 spear!
You hit the gnoll.
The gnoll is severely wounded.
You hit the gnoll but do no damage.
The gnoll is severely wounded.
The gnoll hits you from afar with a +0 spear.
The gnoll hits you with a +0 whip.
Jessica gestures wildly while chanting.
Jessica blinks!
You hit the gnoll.
You kill the gnoll!
The gnoll closely misses you.
Your Spellcasting skill increases to level 2!
Jessica gestures wildly while chanting.
Jessica seems to speed up.
You climb upwards.
There is a stone staircase leading down here.
You climb downwards.
Level annotation: Jessica The gnoll hits you from afar with a +0 spear.
There is a stone staircase leading up, spattered with blood here.
You hit the gnoll but do no damage. The gnoll misses you.
The gnoll hits you with a +0 flail!
Jessica gestures wildly while chanting.
Jessica blinks!
You barely miss Jessica. The gnoll barely misses you. x2
Jessica casts a spell at you.
You feel yourself slow down.
You hit Jessica but do no damage.
The gnoll hits you from afar with a +0 spear.
* * * LOW HITPOINT WARNING * * *
Jessica barely misses you. The gnoll hits you with a +0 flail!
You die...

##...##
.(( ..?
.......
#.#....
...#.#####
.g.....
#?g@# #.@#
#.## ..#
..ยง. ##.#
#. #


You could see 2 gnolls and Jessica.

Vanquished Creatures
  A gnoll (D:2)
  A ball python (D:1)
  An endoplasm (D:1)
  A goblin (D:1)
  3 hobgoblins (D:1)
  A kobold (D:1)
  A quokka (D:1)
  2 bats (D:1)
  A frilled lizard (D:1)
  2 rats (D:1)
14 creatures vanquished.

Notes
Turn   | Place    | Note
-------+----------+-------------------------------------------
     0 | D:1      | Pilot the Demigod Transmuter began the quest for the Orb.
     0 | D:1      | Reached XP level 1. HP: 15/15 MP: 5/5
    51 | D:1      | Reached skill level 1 in Fighting
   214 | D:1      | Upgraded the game from 0.30-a0-12-gd8047c6341 to
                  | 0.30-a0-23-ge60ba3568b
   344 | D:1      | Reached XP level 2. HP: 16/23 MP: 7/7
   847 | D:2      | Noticed Jessica
  1057 | D:2      | Mangled by a gnoll

Illustrated notes

Levels and vault maps discovered:
D:1:      dpeg_arrival_line_fractal, layout_basic
D:2:      layout_loops_ring, shapermc_ecumenical_altar_venn, uniq_jessica

Skill      XL: |  1  2 |
---------------+-------+-----
Fighting       | 1 |  1.3
Transmutations | 2 |  2.0
Dodging        | 2 |  2.0
Spellcasting   | 2 |  2.0
Short Blades   | |  0.6
Unarmed Combat | |  2.9

Action                   || total
-------------------------++-------
Melee: Unarmed           ||    56
       Punch             ||     1
Throw: Dart              ||     3
 Cast: Beastly Appendage ||     1
 Stab: Sleeping          ||     2
Armor: Robe              ||    11
Dodge: Dodged            ||    36

Table legend: (Time is in decaauts)
 A = Elapsed time spent in this place.
 B = Non-inter-level travel time spent in this place.
 C = Inter-level travel time spent in this place.
 D = Time resting spent in this place.
 E = Time spent auto-exploring this place.
 F = Levels seen in this place.
 G = Mean time per level.
                   A        B        C        D        E       F      G
               +--------+--------+--------+--------+--------+-----+--------+
         Total |   1055 |    366 |    689 |      0 |      0 |   2 |  527.5 |
       Dungeon |   1055 |    366 |    689 |      0 |      0 |   2 |  527.5 |
               +--------+--------+--------+--------+--------+-----+--------+

Top non-repeatable levels by time:
     D:1: 1041 daAuts
     D:2: 14 daAuts
